 Dungeon Crawl Stone Soup version 0.28.0-53-g5a82cb258f (webtiles) character file.

Game seed: 13026707936583046599

96 jiml777 the Gusty (level 4, 0/32 HPs)
             Began as a Gnoll Air Elementalist on July 7, 2022.
             Killed from afar by Sigmund (8 damage)
             ... with a puff of flame
             ... on level 3 of the Dungeon.
             The game lasted 00:14:12 (2883 turns).

jiml777 the Gusty (Gnoll Air Elementalist)          Turns: 2883, Time: 00:14:13

Health: 0/32       AC:  2    Str:  7    XL:     4   Next: 67%
Magic:  7/11       EV: 13    Int: 17    God:
Gold:   83         SH:  0    Dex: 12    Spells: 3/13 levels left

rFire   . . .      SeeInvis .   p - +2 short sword (protect)
rCold   . . .      Faith    .   (no shield)
rNeg    . . .      Spirit   .   a - +0 robe
rPois   .          Reflect  .   (no helmet)
rElec   .          Harm     .   (no cloak)
rCorr   .          Rampage  .   (no gloves)
Will    .....                   (no boots)
Stlth   ++........              (no amulet)
HPRegen 0.10/turn               (no ring)
MPRegen 0.12/turn               (no ring)

@: no status effects
A: fangs 1, strong nose, distributed training
a: no special abilities


You were on level 3 of the Dungeon.
You visited 1 branch of the dungeon, and saw 3 of its levels.

You collected 83 gold pieces.

Inventory:

Hand Weapons
 p - a +2 short sword of protection (weapon)
Missiles
 b - 25 stones
 d - 32 sling bullets
 k - 11 arrows
Armour
 a - a +0 robe (worn)
Magical Staves
 h - a staff of conjuration
Scrolls
 f - a scroll of identify
 g - a scroll of fear {unknown}
 i - 2 scrolls of fog {unknown}
 l - 2 scrolls of torment {unknown}
 m - a scroll of teleportation {unknown}
 n - a scroll of noise {unknown}
 o - a scroll of amnesia {unknown}
Potions
 c - a potion of invisibility
 e - a potion of attraction {unknown}


   Skills:
 + Level 1.2 Fighting
 + Level 1.2 Short Blades
 + Level 1.2 Long Blades
 + Level 1.2 Axes
 + Level 1.2 Maces & Flails
 + Level 1.2 Polearms
 + Level 1.2 Staves
 + Level 1.2 Slings
 + Level 1.2 Bows
 + Level 1.2 Crossbows
 + Level 1.2 Throwing
 + Level 1.2 Armour
 + Level 4.7 Dodging
 + Level 4.3 Stealth
 + Level 1.2 Shields
 + Level 1.2 Unarmed Combat
 + Level 5.1 Spellcasting
 + Level 2.3 Conjurations
 + Level 1.0 Hexes
 + Level 1.0 Summonings
 + Level 1.0 Necromancy
 + Level 1.0 Translocations
 + Level 1.0 Transmutations
 + Level 1.0 Fire Magic
 + Level 1.0 Ice Magic
 + Level 5.5 Air Magic
 + Level 1.0 Earth Magic
 + Level 1.0 Poison Magic
 + Level 1.3 Invocations
 + Level 1.2 Evocations


You had 3 spell levels left.
You knew the following spells:

 Your Spells              Type           Power      Damage    Failure   Level
a - Shock                 Conj/Air       68%        1d7       2%          1
b - Static Discharge      Conj/Air       17%        N/A       4%          2
c - Swiftness             Air            23%        N/A       4%          3
d - Airstrike             Air            11%        N/A       14%         4

Your spell library contained the following spells:

 Spells                   Type           Power      Damage    Failure   Level
 Pain                     Necr           28%        1d5       10%         1
 Cause Fear               Hex            3%         N/A       67%         4
 Agony                    Necr           7%         N/A       95%         5
 Excruciating Wounds      Necr           3%         N/A       95%         5
 Dragon Form              Tmut           3%         N/A       100%        7
 Dragon's Call            Summ           3%         N/A       100%        9


Dungeon Overview and Level Annotations

Branches:
Dungeon (3/15)

Altars:

Annotations:
D:3 Sigmund


Innate Abilities, Weirdness & Mutations

You have very sharp teeth.
Your uncanny sense of smell can sniff out nearby items.
Your experience applies equally to all skills.


Message History

Aiming: Shock (safe; 2% risk of failure)
Press: ? - help, Shift-Dir - straight line, f/p - orc
Aim: an orc, wielding a +0 short sword and wearing a +0 leather armour (severely wounded, 71% to hit)
The zap hits the orc.
You kill the orc!
Your magical contamination has completely faded away.
Casting: Shock (safe; 2% risk of failure)
Confirm with . or Enter, or press ? or * to list all spells.
Okay, then.
A magic dart appears from out of thin air!
The magic dart hits you!
Sigmund appears from thin air!
Reactivating autopickup.
Casting: Shock (safe; 2% risk of failure)
Confirm with . or Enter, or press ? or * to list all spells.
The spell is quite dangerous to miscast (14% risk of failure)!
Continue anyway?
Aiming: Airstrike (quite dangerous; 14% risk of failure)
Press: ? - help, Dir - move target, f - Sigmund
Aim: Sigmund, wielding a +4 scythe of venom and wearing a +1 robe of willpower (lightly wounded, empty space bonus: 6/8)
The air twists around and strikes Sigmund!
Sigmund is heavily wounded.
Sigmund casts a spell at you. You resist with some effort.
Sigmund says, "Now you see me, now you don't..."
Sigmund gestures wildly while chanting.
Sigmund flickers and vanishes!
Deactivating autopickup; reactivate with Ctrl-A.
A puff of flame appears from out of thin air!
The puff of flame hits you.
You are confused.
You bump into the rock wall.
You bump into the rock wall.
You feel less confused.
A magic dart appears from out of thin air!
The magic dart hits you. Something hits you!
* * * LOW HITPOINT WARNING * * *
A puff of flame appears from out of thin air!
The puff of flame hits you!
You die...

#.#######.# #.# #...#.#
####.###.#.#.# #......#.#.#.#
#####.##.#.#.#.#.#
#.#########.....{..#.#.#.#.#
#........##.###.#..#.#.#.#.#
########.....#...#.)#.#.#.#.#
#............#..@#..#.#.#.#.#
###.###.#....#...#..#.#†#.#.#
.............#...#..#.#.#.#.#
....###....#.#...#..#.#.#.#.#
...................>#.#.....#
##†.......##.#...#..#.###.###
...#########.#........# #.#
##.......... #.#.#.#### #.#
##.#<....... #.#.#.# #.#


There were no monsters in sight!

Vanquished Creatures
  An orc priest (D:3)
  2 adders (D:2)
  2 worms (D:2)
  2 orcs (D:3)
  A bat (D:2)
  3 endoplasms
  3 giant cockroaches
  2 goblins
  6 hobgoblins
  3 quokkas
  4 ball pythons
  5 frilled lizards
  4 kobolds
  4 rats
42 creatures vanquished.

Vanquished Creatures (others)
  10 plants (D:2)
10 creatures vanquished.

Grand Total: 52 creatures vanquished

Notes
Turn   | Place    | Note
-------+----------+-------------------------------------------
     0 | D:1      | jiml777 the Gnoll Air Elementalist began the quest for the
                  | Orb.
     0 | D:1      | Reached XP level 1. HP: 13/13 MP: 6/6
   206 | D:1      | You fall into a shaft and drop 1 floor!
   206 | D:2      | Found a faded altar of an unknown god.
   277 | D:2      | Reached XP level 2. HP: 16/19 MP: 3/7
   879 | D:2      | Reached XP level 3. HP: 5/25 MP: 6/9
  1204 | D:2      | Reached skill level 5 in Spellcasting
  1332 | D:2      | Reached skill level 1 in Invocations
  1795 | D:2      | Reached skill level 1 in Fighting
  1795 | D:2      | Reached skill level 1 in Short Blades
  1795 | D:2      | Reached skill level 1 in Long Blades
  1795 | D:2      | Reached skill level 1 in Axes
  1795 | D:2      | Reached skill level 1 in Maces & Flails
  1795 | D:2      | Reached skill level 1 in Polearms
  1795 | D:2      | Reached skill level 1 in Staves
  1795 | D:2      | Reached skill level 1 in Slings
  1795 | D:2      | Reached skill level 1 in Bows
  1795 | D:2      | Reached skill level 1 in Crossbows
  1795 | D:2      | Reached skill level 1 in Throwing
  1795 | D:2      | Reached skill level 1 in Armour
  1795 | D:2      | Reached skill level 1 in Shields
  1795 | D:2      | Reached skill level 1 in Unarmed Combat
  1795 | D:2      | Reached skill level 1 in Evocations
  2058 | D:1      | Reached XP level 4. HP: 25/32 MP: 11/11
  2731 | D:3      | Noticed Sigmund
  2738 | D:3      | Learned a level 2 spell: Static Discharge
  2742 | D:3      | Learned a level 3 spell: Swiftness
  2747 | D:3      | Learned a level 4 spell: Airstrike
  2798 | D:3      | Reached skill level 1 in Hexes
  2798 | D:3      | Reached skill level 1 in Summonings
  2798 | D:3      | Reached skill level 1 in Necromancy
  2798 | D:3      | Reached skill level 1 in Translocations
  2798 | D:3      | Reached skill level 1 in Transmutations
  2798 | D:3      | Reached skill level 1 in Fire Magic
  2798 | D:3      | Reached skill level 1 in Ice Magic
  2798 | D:3      | Reached skill level 1 in Earth Magic
  2798 | D:3      | Reached skill level 1 in Poison Magic
  2883 | D:3      | Killed from afar by Sigmund

Illustrated notes

Levels and vault maps discovered:
D:1:      psy_arrival_terrarium, layout_loops_ring,
          chequers_serial_rivers_small_3
D:2:      layout_basic, dreamdust_ecumenical_altar_hidden_monk_grotto,
          serial_forest, infiniplex_forest_clump_small,
          infiniplex_forest_clump_diagonal, infiniplex_forest_zigzag_1,
          infiniplex_forest_zigzag_1, infiniplex_forest_end_1,
          infiniplex_forest_clump_curved, infiniplex_forest_corner_2,
          infiniplex_forest_lined_room_2, kennysheep_generic_room_16
D:3:      layout_basic, uniq_sigmund

Skill      XL: |  1  2  3  4 |
---------------+-------------+-----
Conjurations   | 2 |  2.3
Spellcasting   | 5 |  5.1
Invocations    | 1 |  1.3
Fighting       | 1 |  1.2
Short Blades   | 1 |  1.2
Long Blades    | 1 |  1.2
Axes           | 1 |  1.2
Maces & Flails | 1 |  1.2
Polearms       | 1 |  1.2
Staves         | 1 |  1.2
Slings         | 1 |  1.2
Bows           | 1 |  1.2
Crossbows      | 1 |  1.2
Throwing       | 1 |  1.2
Armour         | 1 |  1.2
Shields        | 1 |  1.2
Unarmed Combat | 1 |  1.2
Evocations     | 1 |  1.2
Hexes          | 1 |  1.0
Summonings     | 1 |  1.0
Necromancy     | 1 |  1.0
Translocations | 1 |  1.0
Transmutations | 1 |  1.0
Fire Magic     | 1 |  1.0
Ice Magic      | 1 |  1.0
Earth Magic    | 1 |  1.0
Poison Magic   | 1 |  1.0
Dodging        | |  4.7
Stealth        | |  4.3
Air Magic      | |  5.5

Action                   |  1- 3 |  4- 6 || total
-------------------------+-------+-------++-------
Melee: Dagger            |    92 |     2 ||    94
       Bite              |     7 |       ||     7
       Short sword       |       |    12 ||    12
 Cast: Shock             |    29 |     9 ||    38
       Airstrike         |       |     1 ||     1
  Use: Scroll            |     3 |       ||     3
       Potion            |       |     1 ||     1
 Stab: Sleeping          |     4 |     4 ||     8
Armor: Robe              |    10 |     3 ||    13
Dodge: Dodged            |    68 |     6 ||    74
